 Dungeon Crawl Stone Soup version 0.29-a0-911-g88e6f02907 (webtiles) character file.

Game seed: 18146777526220296840

141492 wingedge the Covert (level 17, -6/103 HPs)
             Began as a Gargoyle Enchanter on July 22, 2022.
             Was a High Priest of Wu Jian.
             Killed by the raging water
             ... invoked by a water nymph
              (23 damage)
             ... on level 3 of the Shoals on July 25, 2022.
             The game lasted 04:28:47 (29429 turns).

wingedge the Covert (Gargoyle Enchanter)           Turns: 29429, Time: 04:28:49

Health: -6/103     AC: 19    Str: 13    XL:     17   Next: 33%
Magic:  0/29       EV: 18    Int: 25    God:    Wu Jian [*****.]
Gold:   2065       SH: 26    Dex: 14    Spells: 2/33 levels left

rFire   + + +      SeeInvis +   a - +3 dagger (elec)
rCold   + + .      Faith    .   x - +7 kite shield of Springtime {rCorr Str-2 Int+4}
rNeg    + . .      Spirit   +   X - +2 robe {Will+}
rPois   ∞          Reflect  .   w - +0 hat {SInv}
rElec   +          Harm     .   j - scarf {rC+ rF+}
rCorr   +          Rampage  .   G - +0 pair of gloves {Stlth+}
Will    ++...                   k - +0 pair of boots of Patterns {rElec rC+ Int+4}
Stlth   +++.......              V - brooch of Shielding {Spirit SH+8}
HPRegen 0.27/turn               z - ring of wizardry
MPRegen 0.21/turn               M - ring "Rouwedid" {rF++ Slay+4 Stlth+}

@: marked, in a heavenly storm, on blink cooldown, flying, mesmerised, glowing,
studying 2 skills, serpent's lash
A: sickness immunity, AC +12, big wings, negative energy resistance 1,
electricity resistance, torment resistance 1, petrification resistance
a: Renounce Religion, Wall Jump, Serpent's Lash, Heavenly Storm


You were on level 3 of the Shoals.
You worshipped Wu Jian.
Wu Jian was extremely pleased with you.
You visited 5 branches of the dungeon, and saw 26 of its levels.
You also visited: Sewer and Volcano.

You collected 3917 gold pieces.
You spent 1852 gold pieces at shops.

Inventory:

Hand Weapons
 a - a +3 dagger of electrocution (weapon)
 b - a +4 dagger of holy wrath
 B - a +2 long sword of holy wrath
Missiles
 i - 2 throwing nets
 F - 5 boomerangs of dispersal
Armour
 j - a scarf of resistance (worn)
 k - the +0 pair of boots of Patterns (worn) {rElec rC+ Int+4}
   (You found it on level 2 of the Lair of Beasts)

   Int:       It affects your intelligence (+4).
   rC:        It protects you from cold.
   rElec:     It insulates you from electricity.
 w - a +0 hat of see invisible (worn)
 x - the +7 kite shield of Springtime (worn) {rCorr Str-2 Int+4}
   (You acquired it on level 6 of the Dungeon)

   Str:       It affects your strength (-2).
   Int:       It affects your intelligence (+4).
   rCorr:     It protects you from acid and corrosion.
 G - a +0 pair of gloves of stealth (worn)
 X - a +2 robe of willpower (worn)
Jewellery
 n - a +6 ring of dexterity
 o - a ring of protection from fire
 t - an amulet of regeneration
 z - a ring of wizardry (left hand)
 A - a ring of wizardry
 J - an amulet of magic regeneration
 M - the ring "Rouwedid" (right hand) {rF++ Slay+4 Stlth+}
   (You took it off a merfolk impaler on level 2 of the Shoals)

   [ring of slaying]

   Slay:      It affects your accuracy & damage with ranged weapons and melee
   (+4).
   rF:        It greatly protects you from fire.
   Stlth:     It makes you more stealthy.
 N - a +6 ring of intelligence
 R - a +6 ring of intelligence
 U - a ring of protection from cold
 V - the brooch of Shielding (around neck) {Spirit SH+8}
   (You found it on level 13 of the Dungeon)

   [amulet of guardian spirit]

   It causes incoming damage to be divided between your reserves of health and
   magic.
   SH:        It affects your SH (+8).
Wands
 f - a wand of mindburst (17)
 p - a wand of digging (12)
 q - a wand of polymorph (15)
 v - a wand of quicksilver (16)
 O - a wand of paralysis (28)
 Y - a wand of roots (11)
Scrolls
 c - 8 scrolls of vulnerability
 e - 12 scrolls of teleportation
 g - 3 scrolls of identify
 m - 3 scrolls of amnesia
 r - 3 scrolls of summoning
 y - 3 scrolls of poison
 C - 4 scrolls of enchant weapon
 K - 3 scrolls of fog
 Q - 6 scrolls of silence
 T - 6 scrolls of immolation
 W - 3 scrolls of brand weapon
 Z - a scroll of blinking
Potions
 d - 3 potions of mutation
 h - 8 potions of brilliance
 l - 3 potions of resistance
 s - 16 potions of curing
 u - a potion of cancellation
 D - 2 potions of heal wounds
 E - a potion of ambrosia
 H - 5 potions of magic
 I - 3 potions of haste
 L - 2 potions of attraction
 S - 4 potions of might
Miscellaneous
 P - a box of beasts


   Skills:
 * Level 10.6 Fighting
 - Level 10.9(11.0) Short Blades
 - Level 1.5(7.0) Long Blades
 - Level 3.2 Armour
 - Level 7.1 Dodging
 + Level 13.7 Stealth
 + Level 10.4 Shields
 + Level 8.8 Spellcasting
 * Level 9.7 Conjurations
 - Level 8.4 Hexes
 - Level 10.6 Summonings
 - Level 4.0 Translocations
 - Level 4.0 Transmutations
 - Level 12.0 Ice Magic
 - Level 3.0 Air Magic


You had 2 spell levels left.
You knew the following spells:

 Your Spells              Type           Power      Damage    Failure   Level
a - Ensorcelled Hibernat  Hex/Ice        100%       N/A       1%          2
b - Confusing Touch       Hex            52%        N/A       1%          3
c - Metabolic Englaciati  Hex/Ice        29%        N/A       1%          5
d - Wereblood             Tmut           31%        N/A       1%          2
e - Summon Ice Beast      Ice/Summ       61%        N/A       1%          4
f - Apportation           Tloc           62%        N/A       1%          1
g - Summon Hydra          Summ           29%        N/A       45%         7
h - Blink                 Tloc           62%        N/A       1%          2
i - Freezing Cloud        Conj/Ice/Air   25%        6-21      4%          5

Your spell library contained the following spells:

 Spells                   Type           Power      Damage    Failure   Level
 Foxfire                  Conj/Fire      100%       2x1d9     1%          1
 Static Discharge         Conj/Air       42%        3-9/arc   1%          2
 Passwall                 Tmut/Erth      17%        N/A       3%          2
 Conjure Flame            Conj/Fire      35%        6-21      1%          3
 Dazzling Flash           Conj/Hex       100%       N/A       1%          3
 Frozen Ramparts          Ice            100%       1d12      1%          3
 Stone Arrow              Conj/Erth      70%        3d11      1%          3
 Summon Guardian Golem    Hex/Summ       56%        N/A       1%          3
 Tukima's Dance           Hex            52%        N/A       1%          3
 Ice Form                 Ice/Tmut       50%        N/A       1%          4
 Inner Flame              Hex/Fire       32%        N/A       2%          3
 Iskenderun's Mystic Bla  Conj/Tloc      45%        2d10      3%          4
 Swiftness                Air            26%        N/A       4%          3
 Animate Armour           Summ/Erth      74%        N/A       6%          4
 Flame Wave               Conj/Fire      35%        2d8       7%          4
 Leda's Liquefaction      Hex/Erth       16%        N/A       9%          4
 Yara's Violent Unravell  Hex/Tmut       21%        3d10      11%         5
 Petrify                  Tmut/Erth      21%        N/A       21%         4
 Animate Dead             Necr           11%        N/A       43%         4
 Dispel Undead            Necr           11%        3d9       43%         4
 Spellforged Servitor     Conj/Summ      29%        N/A       52%         7
 Orb of Destruction       Conj           28%        9d9       56%         7
 Starburst                Conj/Fire      17%        6d6       67%         6
 Enfeeble                 Hex            26%        N/A       75%         7
 Malign Gateway           Summ/Tloc      23%        N/A       87%         7
 Summon Horrible Things   Summ           29%        N/A       98%         8
 Lehudib's Crystal Spear  Conj/Erth      17%        10d5      100%        8
 Sublimation of Blood     Necr           Unusable   N/A       N/A         2
 Statue Form              Tmut/Erth      Unusable   N/A       N/A         6

Dungeon Overview and Level Annotations

Branches:
Dungeon (15/15)            Temple (1/1) D:5            Lair (5/5) D:9
 Shoals (3/4) Lair:3       Spider (0/4) Lair:3        Slime (0/5) Lair:5
    Orc (2/2) D:11            Elf (0/3) Orc:2        Vaults (0/5) D:13
 Depths (0/4) D:15          Sewer (visited)         Volcano (visited)

Altars:
Ashenzari
Cheibriados
Dithmenos
Elyvilon
Fedhas
Gozag
Hepliaklqana
Kikubaaqudgha
Makhleb
Nemelex Xobeh
Okawaru
Qazlal
Ru
Sif Muna
Trog
Uskayaw
Vehumet
Wu Jian
Xom
Yredelemnul
Zin
The Shining One
Jiyva

Shops:
D:1 ?   Orc:2 ?(=[   Shoals:2 [

Portals:
Trove: D:15 (show abyssal rune of Zot)


Innate Abilities, Weirdness & Mutations

You are immune to sickness and miasma.
Your stone body is resilient. (AC +12)
You are immune to poison.
Your large and strong wings let you fly.
You resist negative energy. (rN+)
You are resistant to electric shocks. (rElec)
You are resistant to unholy torment.
You are immune to petrification.


Message History

Confirm with . or Enter, or press ? or * to list all spells.
Aiming: Ensorcelled Hibernation (safe; 1% risk of failure)
Press: ? - help, Shift-Dir - straight line, f/p - sea snake
Aim: a sea snake (ally target, chance to affect: 54%)
Okay, then.
The air is filled with shimmering golden clouds!
Sifu Hu Sanniang says: The storm will not cease as long as you keep fighting, disciple!
You block the merfolk impaler's attack. You block the sea snake's attack.
The water nymph flows with the water.
The merfolk impaler hits you but does no damage.
The water nymph gestures at you while chanting.
The water rises up and strikes you! The water nymph casts a spell at you.
The water rises up and strikes you.
* * * LOW HITPOINT WARNING * * *
The merfolk siren chants its luring song.
Your muscles tense, ready for explosive movement...
You cannot move away from the merfolk siren!
Unknown command.
There is nothing to wall jump against here.
You hit the merfolk siren.
Lightning courses through the merfolk siren!!
The merfolk siren is heavily wounded.
You block the sea snake's attack. You block the merfolk impaler's attack.
You barely miss the merfolk siren.
The merfolk siren is heavily wounded.
You block the water nymph's attack. The water nymph casts a spell at you.
The water rises up and strikes you!
* * * LOW HITPOINT WARNING * * *
The merfolk siren chants its luring song.
You block the merfolk impaler's attack. The sea snake barely misses you.
Okay, then.
Casting: Ensorcelled Hibernation (safe; 1% risk of failure)
Confirm with . or Enter, or press ? or * to list all spells.
You blink.
The merfolk siren chants its luring song.
The water nymph gestures at you while chanting.
The water rises up and strikes you!!
You die...

#......≈≈..≈≈≈≈≈≈≈≈≈≈≈≈
.........≈≈≈≈≈≈≈≈≈≈≈≈≈≈
.........≈≈≈≈≈≈≈≈≈≈≈≈≈≈≈≈≈
...^..^..≈≈≈≈.≈≈≈≈≈≈≈≈≈≈≈≈
...........≈≈...≈≈≈≈≈≈≈≈≈≈
...........≈≈≈..≈m≈≈≈$≈≈≈≈
≈............≈§§.≈≈≈≈≈≈≈≈≈
≈≈.........#..§§###≈≈..≈Y≈
......(...>P.(§m@##§...≈≈≈
.....###....P.☼mS#tm≈≈≈≈≈≈
.....###..P≈≈.☼mm§mY≈≈≈≈≈≈
......##.≈P≈≈≈.☼§P§m≈≈≈≈≈≈
........PP≈≈≈≈≈☼§☼§☼≈≈≈≈≈≈
≈......[.≈P≈P≈≈PPP≈≈≈≈≈≈≈≈
≈≈≈≈≈≈PP.≈PPPP≈PPP≈≈≈≈≈≈≈≈
≈≈≈≈≈≈≈≈PP≈P≈≈≈≈≈≈≈≈≈≈≈≈≈≈
≈≈≈≈≈≈≈≈≈≈≈≈≈≈≈≈≈≈≈≈≈≈≈≈≈≈


You could see a sea snake, a merfolk, a merfolk siren (mesmerising) and 2 water
nymphs.

Vanquished Creatures
  Polyphemus (Shoals:2)
  A kraken (Shoals:2)
  Roxanne (Shoals:2)
  Aizul (Shoals:2)
  2 frost giants
  2 very ugly things (D:15)
  Nessos (Lair:5)
  A war gargoyle (D:13)
  2 ettins
  6 merfolk impalers (Shoals:2)
  2 great orbs of eyes (Shoals:2)
  A fire dragon (Lair:5)
  A rakshasa (D:15)
  Josephine (Orc:1)
  Erolcha (Orc:2)
  3 boulder beetles
  A catoblepas (Shoals:2)
  5 hydras
  An ogre mage (D:15)
  8 two-headed ogres
  Erica (D:11)
  A merfolk aquamancer (Shoals:2)
  A satyr (Shoals:3)
  4 centaur warriors
  A merfolk avatar (Shoals:1)
  4 death yaks
  A tengu warrior (D:14)
  The ghost of kevlar127 the Grappler, a novice TrBe of Trog (D:7)
  A hell knight (Volcano)
  Urug (Lair:2)
  Sonja (Orc:1)
  Amaemon (Lair:2)
  Lodul (D:11)
  A fire crab (shapeshifter) (D:15)
  A salamander mystic (Volcano)
  4 sea snakes
  A kraken simulacrum (Shoals:1)
  A deep elf archer (D:13)
  6 deep elf pyromancers
  A wizard (D:11)
  A glowing orange brain (D:15)
  A lindwurm (Lair:5)
  5 harpies (Shoals:3)
  An orc knight (Orc:2)
  An oklob plant (Lair:2)
  16 fauns
  A deep elf zephyrmancer (D:11)
  10 orc sorcerers
  14 ugly things
  14 manticores
  10 cyclopes
  3 salamanders (Volcano)
  4 elephants
  5 black mambas
  7 merfolk sirens
  2 water nymphs (Shoals:1)
  11 cane toads
  5 molten gargoyles
  2 torpor snails
  An orange demon (Lair:2)
  A gargoyle (D:14)
  2 rime drakes (Lair:5)
  A komodo dragon (shapeshifter) (D:13)
  3 unseen horrors
  13 komodo dragons
  A tengu conjurer (D:14)
  17 merfolk
  A wind drake (Shoals:2)
  7 trolls
  2 polar bears
  9 blink frogs (Lair:5)
  17 dream sheep
  2 slime creatures (D:15)
  4 snapping turtles
  A culicivora (shapeshifter) (D:15)
  3 vampires
  3 shadows
  3 water elementals (Shoals:2)
  6 wraiths
  40 yaks
  5 wyverns
  3 steam dragons
  3 alligator snapping turtle simulacra (Shoals:1)
  4 fire bats
  A death yak simulacrum (Shoals:1)
  3 basilisks
  A redback (Lair:3)
  A harpy simulacrum (Shoals:1)
  13 vampire mosquitoes
  5 wargs
  2 acid dragons
  4 hell hounds (Lair:5)
  11 water moccasins
  An ice beast (D:5)
  2 sky beasts
  17 orc warriors
  17 ogres
  5 black bears
  16 wolves
  15 centaurs
  2 phantoms
  2 kobold brigands
  16 bullfrogs
  A necrophage (D:4)
  3 gnoll sergeants
  3 scorpions
  3 merfolk simulacra (Shoals:1)
  2 faun simulacra (Shoals:1)
  7 wights (D:8)
  6 killer bees (D:9)
  10 electric eels
  3 howler monkeys
  9 lava snakes
  12 orc priests
  3 gnoll boudas (D:7)
  2 hounds
  A jelly (D:6)
  Terence (D:2)
  5 iguanas
  42 orc wizards
  Natasha (thrice) (D:2)
  22 gnolls
  7 adders
  A river rat (Sewer)
  A shadow imp (D:8)
  4 white imps
  4 ufetubi
  A dart slug (D:4)
  64 orcs
  A bat (D:1)
  A bat zombie (D:2)
  3 endoplasms
  7 giant cockroaches
  11 goblins
  7 hobgoblins
  A jackal (Sewer)
  12 kobolds
  7 quokkas
  2 ball pythons
  3 ball python zombies (D:2)
  4 frilled lizards
  A quokka skeleton (D:2)
  9 rats
  A bush (Lair:2)
  A tentacle (Shoals:2)
766 creatures vanquished.

Vanquished Creatures (collateral kills)
  A tentacled monstrosity (Shoals:2)
  Kirke (Lair:5)
  2 frost giants (Shoals:1)
  A hydra (Lair:5)
  A catoblepas (Lair:5)
  An oklob plant (Lair:1)
  3 ugly things (D:14)
  2 elephants (Lair:5)
  A salamander (Volcano)
  A dream sheep (Shoals:2)
  A wraith (Orc:1)
  5 water elementals
  3 yaks
  A hog (Lair:5)
  A sea snake simulacrum (Shoals:1)
  A vampire mosquito (D:12)
  A centaur (D:10)
  An ogre (Orc:1)
  A faun simulacrum (Shoals:1)
  A manticore simulacrum (Shoals:1)
  A centaur simulacrum (Shoals:1)
  3 orcs (Orc:2)
34 creatures vanquished.

Vanquished Creatures (others)
  A human (Lair:5)
  56 fungi
  99 plants
  9 tentacles
  A withered plant (D:2)
166 creatures vanquished.

Grand Total: 966 creatures vanquished

Notes
Turn   | Place    | Note
-------+----------+-------------------------------------------
     0 | D:1      | wingedge the Gargoyle Enchanter began the quest for the
                  | Orb.
     0 | D:1      | Reached XP level 1. HP: 10/10 MP: 3/3
     1 | D:1      | Noticed a gargoyle
     6 | D:1      | Noticed a demigod
    10 | D:1      | Noticed a felid
    14 | D:1      | Noticed a merfolk
    16 | D:1      | Noticed a draconian
    18 | D:1      | Noticed an octopode
    18 | D:1      | Noticed a demigod
   104 | D:1      | Reached skill level 1 in Short Blades
   265 | D:1      | Reached XP level 2. HP: 13/15 MP: 5/5
   272 | D:1      | Learned a level 2 spell: Ensorcelled Hibernation
   620 | D:1      | Found Qeucve's Magic Scroll Shop.
   640 | D:2      | Identified the ring "Difa" {rElec rCorr Int-5 SInv}
   691 | D:1      | Bought a scroll of identify for 28 gold pieces
   691 | D:1      | Bought a scroll of noise for 14 gold pieces
   691 | D:1      | Bought a scroll of teleportation for 42 gold pieces
  1189 | D:2      | Reached XP level 3. HP: 20/20 MP: 1/6
  1250 | D:2      | Reached skill level 1 in Ice Magic
  1615 | D:2      | Learned a level 3 spell: Confusing Touch
  1641 | D:2      | Noticed Terence
  1751 | D:2      | Noticed Natasha
  1763 | D:2      | Killed Natasha
  1764 | D:2      | Reached skill level 1 in Fighting
  1764 | D:2      | Reached XP level 4. HP: 25/25 MP: 7/7
  1845 | D:2      | Killed Terence
  1864 | D:2      | Noticed Natasha
  1881 | D:2      | Killed Natasha
  1882 | D:2      | Reached skill level 4 in Stealth
  1882 | D:2      | Reached XP level 5. HP: 21/30 MP: 3/8
  2029 | D:2      | Noticed Natasha
  2038 | D:2      | Killed Natasha
  2088 | D:3      | Found an iron altar of Okawaru.
  2130 | D:4      | Noticed a sky beast
  2482 | D:3      | Found a faded altar of an unknown god.
  2623 | D:3      | Learned a level 3 spell: Frozen Ramparts
  3106 | D:4      | Noticed a phantom
  3115 | D:4      | Killed a phantom
  3116 | D:4      | Reached XP level 6. HP: 36/36 MP: 9/9
  3158 | D:4      | Killed a sky beast
  3159 | D:4      | Reached skill level 1 in Armour
  3651 | D:4      | Reached XP level 7. HP: 41/41 MP: 7/10
  3655 | D:4      | Learned a level 2 spell: Wereblood
  3896 | D:4      | Found a glowing silver altar of Zin.
  4128 | D:5      | Entered Level 5 of the Dungeon
  4135 | D:5      | Reached skill level 5 in Stealth
  4283 | D:5      | Found a glowing drain.
  4289 | Sewer    | Entered a sewer
  4379 | Sewer    | Reached skill level 1 in Transmutations
  4379 | Sewer    | Reached XP level 8. HP: 46/46 MP: 8/12
  4396 | Sewer    | Found a white marble altar of Elyvilon.
  4968 | D:5      | Found a staircase to the Ecumenical Temple.
  4976 | Temple   | Entered the Ecumenical Temple
  5034 | Temple   | Became a worshipper of the Wu Jian Council
  5708 | D:6      | Reached skill level 1 in Summonings
  5741 | D:6      | Reached skill level 6 in Stealth
  5827 | D:6      | Identified a scroll of acquirement
  5828 | D:6      | Acquired 541 gold pieces
  5909 | D:6      | Reached skill level 1 in Long Blades
  6013 | D:6      | Got Nighial's Tome of Unholy Liturgies and Glaciation
  6069 | D:6      | Found a white marble altar of Elyvilon.
  6069 | D:6      | Found a radiant altar of Vehumet.
  6104 | D:6      | Acquired the +7 kite shield of Springtime {rCorr Str-2
                  | Int+4}
  6391 | D:6      | Found a basalt altar of Yredelemnul.
  6475 | D:6      | Reached XP level 9. HP: 50/52 MP: 10/13
  6486 | D:6      | Reached skill level 1 in Shields
  6949 | D:6      | Learned a level 4 spell: Summon Ice Beast
  7103 | D:7      | Reached * piety under Wu Jian
  7178 | D:7      | Identified the +6 scale mail of the Moon {rF- rC+ rCorr}
  7178 | D:7      | Identified the +1 buckler "Unlinos" {rN++ Will- Int+2}
  7236 | D:7      | Found a transporter.
  7236 | D:7      | Found a transporter.
  7269 | D:7      | Noticed kevlar127's ghost (novice TrBe)
  7284 | D:7      | Identified the ring "Xoclec" {rPois MP+9}
  7337 | D:7      | Killed kevlar127's ghost
  7338 | D:7      | Reached skill level 7 in Stealth
  7429 | D:7      | Reached skill level 5 in Ice Magic
  7803 | D:1      | Bought a scroll of teleportation for 42 gold pieces
  7803 | D:1      | Bought a scroll of teleportation for 42 gold pieces
  7803 | D:1      | Bought a scroll of vulnerability for 56 gold pieces
  7803 | D:1      | Bought 3 scrolls of enchant weapon for 315 gold pieces
  8031 | D:7      | Found a blossoming altar of Fedhas.
  8358 | D:8      | Reached XP level 10. HP: 51/58 MP: 13/15
  8428 | D:8      | Reached skill level 5 in Short Blades
  8520 | D:8      | Reached ** piety under Wu Jian
  8521 | D:8      | Reached skill level 5 in Fighting
  9147 | D:8      | Reached skill level 8 in Stealth
  9528 | D:9      | Reached *** piety under Wu Jian
  9541 | D:9      | Found a staircase to the Lair.
  9821 | D:9      | Reached XP level 11. HP: 64/64 MP: 15/17
  9912 | D:9      | Reached skill level 5 in Shields
 10077 | D:10     | Entered Level 10 of the Dungeon
 10450 | D:10     | Reached **** piety under Wu Jian
 10975 | D:11     | Noticed a deep elf pyromancer
 10980 | D:11     | Noticed a deep elf zephyrmancer
 10980 | D:11     | Killed a deep elf pyromancer
 10981 | D:11     | Reached skill level 5 in Summonings
 10987 | D:11     | Killed a deep elf zephyrmancer
 10988 | D:11     | Reached skill level 9 in Stealth
 11000 | D:11     | Got Ts'ui Pên's Grimoire of Forking Paths
 11047 | D:11     | Noticed a cyclops
 11053 | D:11     | Killed a cyclops
 11102 | D:11     | Noticed Erica
 11122 | D:11     | Killed Erica
 11202 | D:11     | Noticed Lodul
 11256 | D:11     | Reached skill level 5 in Hexes
 11342 | D:11     | Noticed a deep elf pyromancer
 11344 | D:11     | Got the Folio of Dhcmrlchtdj
 11348 | D:11     | Killed a deep elf pyromancer
 11349 | D:11     | Reached skill level 5 in Spellcasting
 11355 | D:11     | Got the Cyclopedia of Axaxaxas mlö
 11358 | D:11     | Learned a level 1 spell: Apportation
 11393 | D:11     | Reached XP level 12. HP: 61/70 MP: 16/19
 11413 | D:11     | Killed Lodul
 11531 | D:11     | Found a staircase to the Orcish Mines.
 11825 | D:12     | Noticed a two-headed ogre
 11833 | D:12     | Killed a two-headed ogre
 11834 | D:12     | Reached skill level 10 in Stealth
 12891 | Lair:1   | Entered Level 1 of the Lair of Beasts
 12945 | Lair:1   | Found a stormy altar of Qazlal.
 13122 | Lair:1   | Identified the amulet of Fekhal {Spirit rPois rF+}
 13375 | Lair:1   | Reached XP level 13. HP: 76/76 MP: 19/21
 13855 | Lair:2   | Found a dark tunnel.
 13864 | Lair:2   | Reached ***** piety under Wu Jian
 13872 | Volcano  | Entered a volcano
 13881 | Volcano  | Learned a level 7 spell: Summon Hydra
 14080 | Volcano  | Found a radiant altar of Vehumet.
 14370 | Lair:2   | Identified the +0 pair of boots of Patterns {rElec rC+
                  | Int+4}
 14684 | Lair:2   | Reached skill level 11 in Stealth
 14719 | Lair:2   | Noticed Amaemon
 14733 | Lair:2   | Killed Amaemon
 14734 | Lair:2   | Reached skill level 5 in Dodging
 14878 | Lair:2   | Noticed Urug
 14880 | Lair:2   | Killed Urug
 15706 | Lair:3   | Found a staircase to the Shoals.
 15797 | Lair:3   | Found a hole to the Spider Nest.
 15851 | Lair:3   | Reached skill level 10 in Ice Magic
 16351 | Lair:3   | Got the Compendium of Dimensional Rime
 16355 | Lair:3   | Learned a level 2 spell: Blink
 16813 | Lair:4   | Got the Monograph on Gusts
 17344 | Lair:5   | Entered Level 5 of the Lair of Beasts
 17352 | Lair:5   | Reached skill level 1 in Translocations
 17352 | Lair:5   | Gained mutation: Your large and strong wings let you fly.
                  | [Gargoyle growth]
 17352 | Lair:5   | Reached XP level 14. HP: 83/83 MP: 21/23
 17654 | Lair:5   | Found a large runed translucent door.
 17655 | Lair:5   | Found a large runed translucent door.
 18036 | Lair:5   | Noticed Kirke
 18290 | Lair:5   | Killed Kirke
 18752 | Lair:5   | Found a hide-covered altar of Uskayaw.
 18752 | Lair:5   | Found an ornate altar of the Wu Jian Council.
 19071 | Lair:5   | Noticed Nessos
 19074 | Lair:5   | Found a staircase to the Slime Pits.
 19076 | Lair:5   | Killed Nessos
 19106 | Lair:5   | Found a viscous altar of Jiyva.
 19798 | Orc:1    | Entered Level 1 of the Orcish Mines
 19825 | Orc:1    | Reached skill level 12 in Stealth
 20040 | Orc:2    | Entered Level 2 of the Orcish Mines
 20333 | Orc:1    | Reached XP level 15. HP: 89/89 MP: 23/25
 21016 | Orc:2    | Found a staircase to the Elven Halls.
 21053 | Orc:1    | Noticed Sonja
 21055 | Orc:1    | Killed Sonja
 21103 | Orc:1    | Reached ****** piety under Wu Jian
 21145 | Orc:1    | Noticed Josephine
 21156 | Orc:1    | Killed Josephine
 21412 | Orc:2    | Noticed Erolcha
 21422 | Orc:2    | Killed Erolcha
 21451 | Orc:2    | Found an ancient bone altar of Kikubaaqudgha.
 21455 | Orc:2    | Reached skill level 10 in Short Blades
 21506 | Orc:2    | Found a radiant altar of Vehumet.
 21532 | Orc:2    | Found Echaj's Magic Scroll Boutique.
 21540 | Orc:2    | Bought a scroll of enchant weapon for 135 gold pieces
 21540 | Orc:2    | Bought a scroll of identify for 36 gold pieces
 21540 | Orc:2    | Bought a scroll of identify for 36 gold pieces
 21542 | Orc:2    | Bought a scroll of summoning for 171 gold pieces
 21542 | Orc:2    | Bought a scroll of summoning for 171 gold pieces
 21542 | Orc:2    | Bought a scroll of poison for 72 gold pieces
 21572 | Orc:2    | Found Xump's Jewellery Shop.
 21580 | Orc:2    | Found Ynlizxis's Antique Armour Shop.
 21589 | Orc:2    | Found Edegid's Antique Weapon Boutique.
 21590 | Orc:2    | Bought a pair of glowing gloves for 247 gold pieces
 21618 | Orc:2    | Bought a twisted cloak for 313 gold pieces
 21618 | Orc:2    | Identified the +0 cloak of Defiance {rPois rC+} (You bought
                  | it in a shop on level 2 of the Orcish Mines)
 21771 | D:13     | Identified the +0 leather armour of the Turtle {Harm
                  | Rampage Dex-5 SInv}
 22158 | D:13     | Noticed a frost giant
 22158 | D:13     | Found the brooch of Shielding {Spirit SH+8}
 22161 | D:13     | Killed a frost giant
 22163 | D:13     | Identified the amulet of Divine Compulsion {Faith rN+ Str+7
                  | Int-4}
 22376 | D:13     | Reached skill level 1 in Conjurations
 22381 | D:13     | Found a gate to the Vaults.
 22986 | D:14     | Found a stormy altar of Qazlal.
 23020 | D:14     | Found a stormy altar of Qazlal.
 23131 | D:14     | Reached skill level 1 in Air Magic
 23338 | D:14     | Learned a level 5 spell: Freezing Cloud
 23672 | D:15     | Entered Level 15 of the Dungeon
 23998 | D:15     | Reached skill level 10 in Summonings
 24005 | D:15     | Reached XP level 16. HP: 93/96 MP: 13/27
 24404 | D:15     | Reached skill level 5 in Conjurations
 24712 | D:15     | Found a staircase to the Depths.
 24799 | D:15     | Found a portal to a secret trove of treasure.
 24935 | D:15     | Found a sparkling altar of Nemelex Xobeh.
 25186 | Shoals:1 | Entered Level 1 of the Shoals
 25547 | Shoals:1 | Found a runed translucent gate.
 25550 | Shoals:1 | Found a runed translucent gate.
 25639 | Shoals:1 | Found a runed translucent gate.
 26516 | Shoals:1 | Reached skill level 13 in Stealth
 26888 | Shoals:2 | Noticed Aizul
 26934 | Shoals:2 | Killed Aizul
 27447 | Shoals:2 | Upgraded the game from 0.29-a0-892-g2c4c91d9db to
                  | 0.29-a0-911-g88e6f02907
 27451 | Shoals:2 | Reached skill level 10 in Fighting
 27490 | Shoals:2 | Noticed a kraken
 27502 | Shoals:2 | Found Uzxolaiq's Armour Shoppe.
 27574 | Shoals:2 | Bought a +0 hat of see invisible for 132 gold pieces
 27668 | Shoals:2 | Killed a kraken
 27851 | Shoals:2 | Identified the ring "Rouwedid" {rF++ Slay+4 Stlth+}
 27851 | Shoals:2 | Noticed a tentacled monstrosity
 27900 | Shoals:2 | Killed a tentacled monstrosity
 27920 | Shoals:2 | Got the Parchment of Mad Ravings
 28146 | Shoals:2 | Noticed Polyphemus
 28171 | Shoals:2 | Reached skill level 10 in Shields
 28173 | Shoals:2 | Reached XP level 17. HP: 87/102 MP: 7/29
 28193 | Shoals:2 | Killed Polyphemus
 28412 | Shoals:2 | Noticed Roxanne
 28639 | Shoals:2 | Killed Roxanne
 28649 | Shoals:2 | Learned a level 5 spell: Metabolic Englaciation
 29429 | Shoals:3 | Killed from afar by a water nymph

Illustrated notes

Levels and vault maps discovered:
D:1:      shiori_arrival_whats_in_store_for_you, layout_loops_ring,
          serial_shops, nicolae_shop_window_shopping
D:2:      layout_basic, serial_undead, serial_undead_e, serial_undead_e,
          serial_undead_e, serial_undead_c, corexii_leaking_fountain,
          uniq_natasha, uniq_terence
D:3:      layout_loops_corners, okawaru_trees_1, ebering_ecumenical_altar_box
D:4:      layout_gridville, mainiacjoe_overflow_six_doors_small, serial_demonic,
          serial_demonic_d, serial_demonic_g, serial_demonic_c, serial_demonic_g
D:5:      layout_basic, minmay_temple_entry_purple_smoke, gup_sewer_entry_pipe,
          minmay_curled_crystal, eino_tiny_chamber,
          nicolae_concentric_dashed_squares_wild, st_stairs_7
D:6:      cheibrodos_two_vegetables, layout_layer_cave,
          mainiacjoe_overflow_alcove_2, gammafunk_temple_overflow_pools,
          st_stairs_13, chequers_serial_rivers_marsh
D:7:      layout_gridville, fedhas_altar_fruit_tree,
          gammafunk_ghost_gnarly_gnolls
D:8:      layout_layer_cave, kennysheep_small_circle
D:9:      layout_roguey, due_lair_maze_entry_diamond
D:10:     layout_roguey, kennysheep_generic_room_8
D:11:     layout_irregular_city, minmay_orc_entry_guard_dogs, nicolae_wwwww,
          bh_hangedman_babel_library, uniq_erica, uniq_lodul
D:12:     layout_stronghold
D:13:     minmay_shrinking_squares, layout_cave_pools, david_vaults_1
D:14:     layout_grid_maze, lemuel_round_altar, nicolae_qazlal_style_of_elements
D:15:     gammafunk_enter_depths_forms, layout_loops_ring,
          nicolae_trove_entry_crossroad, nemelex_lonely_heart_becter
Temple:   compressed_dpeg_triangle_lava_temple
Lair:1:   layout_hall_layers, lemuel_oklob_altar, wad_woods_river_01
Lair:2:   layout_hall_layers, nicolae_volcano_entry_batcave,
          minmay_lair_oklob_bushes, eino_small_chamber_without_monster,
          grunt_megastairs_4, lemuel_fruit_tree, uniq_amaemon, uniq_urug
Lair:3:   layout_long_grid, elwin_shoals_entry_stream, spider_nest_entry_webs
Lair:4:   layout_loops_ring, grunt_megastairs_1, serial_bayou_shore_a,
          infiniplex_staircase_pool
Lair:5:   cheibrodos_lair_end_hotspot, layout_long_grid, slime_entry_1,
          serial_rivers, chequers_serial_rivers_small_3,
          chequers_serial_rivers_micro_b, chequers_serial_rivers_small_3,
          chequers_serial_rivers_small_a, nzn_masters_of_martial_movement,
          uniq_kirke, uniq_nessos
Shoals:1: layout_shoals, nicolae_shoals_beach_cooler
Shoals:2: dreamdust_from_the_deep, layout_shoals, serial_shops, shop,
          uniq_polyphemus, uniq_aizul, uniq_roxanne
Shoals:3: layout_shoals, nicolae_shoals_spring_well_temple
Orc:1:    layout_caves, mines1_david, uniq_sonja, uniq_josephine
Orc:2:    kennysheep_orc_mage_school, layout_caves, lemuel_statue_altar

Skill      XL: |  1  2  3  4  5  6  7  8  9 10 11 12 13 14 15 16 17 |
---------------+----------------------------------------------------+-----
Short Blades   | 1 2 3 4 5 6 7 8 9 10 | 10.9
Ice Magic      | 1 2 3 4 5 7 8 9 10 11 12 | 12.0
Fighting       | 1 2 3 4 5 6 7 8 9 10 | 10.6
Dodging        | 2 3 4 5 6 7 |  7.1
Hexes          | 3 4 5 6 7 8 |  8.4
Stealth        | 4 5 6 7 8 9 10 11 12 13 | 13.7
Armour         | 1 2 3 |  3.2
Transmutations | 1 2 3 4 |  4.0
Spellcasting   | 3 4 5 6 7 8 |  8.8
Summonings     | 2 3 4 5 6 8 9 10 | 10.6
Long Blades    | 1 |  1.5
Shields        | 3 4 5 6 7 8 9 10 | 10.4
Translocations | 1 2 3 4 |  4.0
Conjurations   | 4 7 9 |  9.7
Air Magic      | 1 3 |  3.0

Action                   |  1- 3 |  4- 6 |  7- 9 | 10-12 | 13-15 | 16-18 || total
-------------------------+-------+-------+-------+-------+-------+-------++-------
Melee: Dagger            |   105 |   108 |   226 |   464 |   788 |   459 ||  2150
       Short sword       |    15 |       |       |       |   107 |       ||   122
       Punch             |     1 |     1 |       |       |       |       ||     2
       Long sword        |       |       |    20 |       |       |       ||    20
       Unarmed           |       |       |       |       |     5 |       ||     5
Throw: Throwing net      |       |       |       |     1 |       |       ||     1
 Cast: Ensorcelled Hiber |    27 |    28 |    92 |   189 |   360 |    64 ||   760
       Confusing Touch   |       |     8 |    19 |    39 |    55 |    30 ||   151
       Frozen Ramparts   |       |       |     6 |     5 |     6 |     3 ||    20
       Wereblood         |       |       |     4 |     8 |    13 |     9 ||    34
       Summon Ice Beast  |       |       |       |    15 |    22 |    16 ||    53
       Blink             |       |       |       |       |     2 |     2 ||     4
       Freezing Cloud    |       |       |       |       |       |    32 ||    32
Invok: Lunge             |       |       |    16 |    56 |   107 |    61 ||   240
       Whirlwind         |       |       |       |    54 |    57 |    31 ||   142
       Serpent's Lash    |       |       |       |     3 |     6 |     9 ||    18
       Heavenly Storm    |       |       |       |       |     1 |     2 ||     3
 Abil: Wall Jump         |       |       |       |     1 |     5 |     1 ||     7
Evoke: Lightning rod     |       |       |       |       |     4 |       ||     4
       Wand              |       |       |       |       |     1 |       ||     1
  Use: Scroll            |     4 |     5 |     8 |    10 |    12 |     3 ||    42
       Potion            |     3 |     2 |     2 |     2 |     2 |     3 ||    14
 Stab: Sleeping          |    16 |    20 |    65 |   122 |   249 |    52 ||   524
       Invisible         |     1 |     1 |       |       |       |       ||     2
       Confused          |       |     3 |    13 |    26 |    60 |    22 ||   124
       Distracted        |       |       |       |       |     7 |     5 ||    12
Armor: Robe              |    28 |    78 |    38 |   171 |   191 |    77 ||   583
       Leather armour    |       |       |    35 |       |       |       ||    35
Dodge: Dodged            |    71 |   135 |   118 |   170 |   225 |    65 ||   784
Block: Kite shield       |       |       |    55 |   465 |   595 |   321 ||  1436

Table legend: (Time is in decaauts)
 A = Elapsed time spent in this place.
 B = Non-inter-level travel time spent in this place.
 C = Inter-level travel time spent in this place.
 D = Time resting spent in this place.
 E = Time spent auto-exploring this place.
 F = Levels seen in this place.
 G = Mean time per level.
                   A        B        C        D        E       F      G
               +--------+--------+--------+--------+--------+-----+--------+
         Total |  29083 |  25479 |   3604 |   8009 |    679 |  28 | 1038.7 |
       Dungeon |  16058 |  13594 |   2464 |   3481 |    401 |  15 | 1070.5 |
        Temple |     76 |     76 |      0 |      0 |      0 |   1 |   76.0 |
          Lair |   6779 |   5849 |    930 |   2447 |    236 |   5 | 1355.8 |
        Shoals |   3817 |   3717 |    100 |   1558 |     42 |   3 | 1272.3 |
  Orcish Mines |   1829 |   1721 |    108 |    523 |      0 |   2 |  914.5 |
         Sewer |    163 |    163 |      0 |      0 |      0 |   1 |  163.0 |
       Volcano |    358 |    358 |      0 |      0 |      0 |   1 |  358.0 |
               +--------+--------+--------+--------+--------+-----+--------+

Top non-repeatable levels by time:
Shoals:2: 2048 daAuts
  Lair:5: 2031 daAuts
  Lair:2: 1748 daAuts
     D:5: 1377 daAuts
     D:6: 1365 daAuts
    D:14: 1322 daAuts
Shoals:1: 1226 daAuts
    D:15: 1177 daAuts
     D:4: 1150 daAuts
     D:3: 1144 daAuts
     D:8: 1109 daAuts
     D:7: 1100 daAuts
  Lair:4: 1074 daAuts
    D:12: 1062 daAuts
     D:1: 1039 daAuts
